 Dungeon Crawl Stone Soup version 0.24.0-13-gcf9b3192b9 (webtiles) character file.

Game seed: 8782325909690763264, levelgen mode: deterministic

159 Delamore the Chopper (level 5, -3/67 HPs)
             Began as a Hill Orc Monk on Nov 7, 2019.
             Slain by a scorpion (6 damage)
             ... on level 4 of the Dungeon.
             The game lasted 00:04:06 (3097 turns).

Delamore the Chopper (Hill Orc Monk)                Turns: 3097, Time: 00:04:06

Health: -3/67      AC: 22    Str: 15    XL:     5   Next: 40%
Magic:  5/5        EV:  2    Int: 10    God:
Gold:   74         SH:  0    Dex: 13    Spells: 4/4 levels left

rFire    . . .     SeeInvis .   a - +0 hand axe
rCold    . . .     Gourm    .   (no shield)
rNeg     + + +     Faith    .   (armour currently unavailable)
rPois    +         Spirit   .   (helmet currently unavailable)
rElec    .         Reflect  .   (cloak currently unavailable)
rCorr    .         Harm     .   (gloves currently unavailable)
MR       .....     Clarity  +   (boots currently unavailable) Stlth ++........NoTele +
                                (no amulet)
HPRegen  0.21/turn              (no ring)
MPRegen  0.09/turn              (no ring)

@: lethally poisoned (-3 -> -9), tree-form
A: blurry vision 1, clarity
a: no special abilities


You were on level 4 of the Dungeon.
You were not hungry.
You were a tree.
You visited 1 branch of the dungeon, and saw 4 of its levels.

You collected 74 gold pieces.

Inventory:

Hand Weapons
 a - a +0 hand axe (weapon)
Missiles
 p - 14 poisoned darts (quivered)
Armour
 b - a +0 pair of gloves (melded)
 o - a +1 scale mail of cold resistance (melded)
 s - a +1 robe of positive energy
Scrolls
 d - a scroll of identify
 h - a scroll of enchant weapon {unknown}
 i - a scroll of amnesia {unknown}
 j - 2 scrolls of blinking {unknown}
 k - 2 scrolls of random uselessness {unknown}
 l - a scroll of noise {unknown}
 m - 2 scrolls of teleportation {unknown}
 n - a scroll of immolation {unknown}
 q - a scroll of fear {unknown}
 v - a scroll of fog {unknown}
Potions
 e - a potion of brilliance {unknown}
 f - 2 potions of curing
 t - 2 potions of degeneration {unknown}
 u - a potion of heal wounds {unknown}
 w - a potion of invisibility {unknown}
Comestibles
 c - 6 rations
 r - 4 chunks of flesh


   Skills:
 - Level 3.6 Fighting
 + Level 7.7 Axes
 + Level 0.5 Armour
 - Level 2.4 Dodging
 - Level 1.5 Stealth


You had 4 spell levels left.
You didn't know any spells.
Your spell library was empty.

Dungeon Overview and Level Annotations

Branches:
Dungeon (4/15)
 Temple: D:4-7

Altars:


Innate Abilities, Weirdness & Mutations

((You have large cloven feet.))
((You are partially covered in slimy green scales. (AC +2)))
Scrolls take you a little longer to read.
You possess an exceptional clarity of mind.


Message History

* * * LOW HITPOINT WARNING * * *
You feel sick.
The scorpion stings you but does no damage.
You closely miss the scorpion.
The scorpion is moderately wounded.
You hit the scorpion but do no damage.
The scorpion is moderately wounded.
* * * LOW HITPOINT WARNING * * *
You feel sick. The scorpion stings you.
* * * LOW HITPOINT WARNING * * *
You hit the scorpion but do no damage.
The scorpion is moderately wounded.
* * * LOW HITPOINT WARNING * * *
You feel sick.
The scorpion stings you but does no damage.
You hit the scorpion but do no damage.
The scorpion is moderately wounded.
* * * LOW HITPOINT WARNING * * *
You feel sick. The scorpion stings you.
You die...

..... ...# "..#
... .?## #..#
#..####..
####........
#s♣.........
#.........#...#..
#.....#######.##
...... ..# .....
.# #<... # #...
....


You could see a scorpion.

Vanquished Creatures
  A hound (D:4)
  An iguana (D:4)
  3 adders
  An ooze (D:1)
  A worm (D:2)
  3 dart slugs
  5 bats
  5 giant cockroaches
  5 goblins
  7 hobgoblins
  9 jackals (D:2)
  5 ball pythons
  2 frilled lizards (D:1)
  6 kobolds
  9 rats
63 creatures vanquished.

Notes
Turn   | Place    | Note
-------+----------+-------------------------------------------
     0 | D:1      | Delamore the Hill Orc Monk began the quest for the Orb.
     0 | D:1      | Reached XP level 1. HP: 19/19 MP: 1/1
     3 | D:1      | Noticed an electric eel
     3 | D:1      | Noticed an electric eel
    31 | D:1      | Reached XP level 2. HP: 20/26 MP: 2/2
   119 | D:1      | Reached skill level 5 in Axes
   537 | D:1      | Reached XP level 3. HP: 26/31 MP: 3/3
  1177 | D:2      | Reached skill level 6 in Axes
  1200 | D:2      | Reached XP level 4. HP: 19/39 MP: 4/4
  2047 | D:3      | Gained mutation: Scrolls take you a little longer to read.
                  | [potion of mutation]
  2047 | D:3      | Gained mutation: You are partially covered in slimy green
                  | scales. (AC +2) [potion of mutation]
  2047 | D:3      | Gained mutation: You have large cloven feet. [potion of
                  | mutation]
  2047 | D:3      | Gained mutation: You possess an exceptional clarity of
                  | mind. [potion of mutation]
  2597 | D:3      | Reached skill level 7 in Axes
  3058 | D:4      | Reached XP level 5. HP: 21/45 MP: 5/5
  3097 | D:4      | HP: 3/67 [poisoned by a scorpion]
  3097 | D:4      | Slain by a scorpion

Levels and vault maps discovered:
D:1:      arrival_aquarium_b, layout_rooms
D:2:      layout_basic
D:3:      layout_basic
D:4:      minmay_opposing_rooms, layout_cave_pools, minmay_temple_entry_hall,
          serial_shops, shop, gammafunk_ghost_arena,
          minmay_misc_feat_more_columns, uniq_ijyb

Skill      XL: |  1  2  3  4 |
---------------+-------------+-----
Axes           | 5 6 7 |  7.7
Fighting       | |  3.6
Armour         | |  0.5
Dodging        | |  2.4
Stealth        | |  1.5

Action                   |  1- 3 |  4- 6 || total
-------------------------+-------+-------++-------
Melee: Hand axe          |   104 |   110 ||   214
       Kick              |       |    12 ||    12
  Use: Potion            |     1 |     3 ||     4
       Scroll            |       |     1 ||     1
 Stab: Sleeping          |     1 |     1 ||     2
  Eat: Chunk             |     1 |     6 ||     7
Armor: Robe              |    11 |    15 ||    26
       Scale mail        |       |    19 ||    19
       Skin              |       |     4 ||     4
Dodge: Dodged            |    74 |    65 ||   139
